cohdb
Replays
Latest Replays
All Replays
Popular Replays
Top Player Replays
Match Explorer
How It Works
Community
CoH3 Stats
Reddit
Sign in to upload your games and track your stats! →
Sign in with Steam
Match 33799864
Unlisted
Match 33799864
Overview
Messages
Build Orders
End
Panzergrenadier Squad
Selects Armored Support Battlegroup
250 Light Carrier
Panzergrenadier Squad
Construct Light Support Kompanie
Fire Support Elements
Kradschützen Motorcycle Team
Selects Superior Fire Drills
Veteran Squad Leaders
Panzergrenadier Squad
续命重工+1s蛤药六厂
BANDofBROTHERS
PIYACHOK
sharky
TW_ponpon
xKichi[GER}
gUi
brightXD
0
0
Comments
sign in to comment!
No comments posted yet!